 Dungeon Crawl Stone Soup version 0.30-a0-371-gad7725a93e (webtiles) character file.

Game seed: 17494655272993856735

132 purpskrrrp the Skirmisher (level 4, -3/25 HPs)
             Began as a Deep Elf Hunter on Nov 22, 2022.
             Killed by divine providence
             ... invoked by an orc priest
              (11 damage)
             ... on level 4 of the Dungeon.
             The game lasted 00:05:32 (2447 turns).

purpskrrrp the Skirmisher (Deep Elf Hunter)         Turns: 2447, Time: 00:05:33

Health: -3/25      AC:  4    Str: 10    XL:     4   Next: 92%
Magic:  6/6        EV: 12    Int: 14    God:
Gold:   202        SH:  0    Dex: 18    Spells: 3/3 levels left

rFire   . . .      SeeInvis +    a - +2 shortbow
rCold   . . .      Faith    .    (shield currently unavailable)
rNeg    . . .      Spirit   .    c - +1 leather armour
rPois   .          Reflect  .    (no helmet)
rElec   .          Harm     .    (no cloak)
rCorr   .          Rampage  .    (no gloves)
Will    .....                    (no boots)
Stlth   ++........               (no amulet)
HPRegen 0.24/turn                k - ring of see invisible
MPRegen 0.10/turn                (no ring)

@: no status effects
A: no striking features
a: no special abilities


You were on level 4 of the Dungeon.
You visited 1 branch of the dungeon, and saw 4 of its levels.

You collected 202 gold pieces.

Inventory:

Hand Weapons
 a - a +2 shortbow (weapon)
Armour
 c - a +1 leather armour (worn)
Jewellery
 k - a ring of see invisible (left hand)
Scrolls
 b - 2 scrolls of immolation
 f - 5 scrolls of teleportation
 h - 2 scrolls of amnesia
Potions
 d - a potion of curing {unknown}
 e - 2 potions of flight
 g - a potion of ambrosia
 j - a potion of brilliance {unknown}
 l - a potion of invisibility {unknown}


   Skills:
 - Level 1.5 Fighting
 + Level 8.3 Ranged Weapons
 - Level 2.4 Dodging
 - Level 1.2 Stealth


You had 3 spell levels left.
You didn't know any spells.
Your spell library was empty.

Dungeon Overview and Level Annotations

Branches:
Dungeon (4/15)             Temple (0/1) D:4

Altars:
Fedhas

Portals:
Abyss: D:3

Annotations:
D:3 2 transporters, tinescath's ghost, amateur DsFi


Message History

You are too injured to fight recklessly!
You are too injured to fight recklessly!
You are too injured to fight recklessly!
You are too injured to fight recklessly!
You are too injured to fight recklessly!
You are too injured to fight recklessly!
You are too injured to fight recklessly!
You are too injured to fight recklessly!
You are too injured to fight recklessly!
You are too injured to fight recklessly!
You are too injured to fight recklessly!
You are too injured to fight recklessly!
You are too injured to fight recklessly!
You are too injured to fight recklessly!
You are too injured to fight recklessly!
You are too injured to fight recklessly!
You are too injured to fight recklessly!
You are too injured to fight recklessly!
You are too injured to fight recklessly!
You are too injured to fight recklessly!
You are too injured to fight recklessly!
You are too injured to fight recklessly!
Fire: a) +2 shortbow
Press: ? - help, Q - select action Shift-Dir - straight line, f - orc priest
Aim: an orc priest, wielding a +0 short sword and wearing a +0 ring mail (70% to hit)
You shoot an arrow.
The arrow hits the orc priest but does no damage.
Fire: a) +2 shortbow
Press: ? - help, Q - select action Shift-Dir - straight line, f/p - orc priest
Aim: an orc priest, wielding a +0 short sword and wearing a +0 ring mail (70% to hit)
You shoot an arrow.
The arrow hits the orc priest but does no damage.
Fire: a) +2 shortbow
Press: ? - help, Q - select action Shift-Dir - straight line, f/p - orc priest
Aim: an orc priest, wielding a +0 short sword and wearing a +0 ring mail (70% to hit)
You shoot an arrow.
The arrow hits the orc priest but does no damage.
The orc priest invokes the aid of Beogh against you.
Beogh smites you!
You die...

# #.#############
##### #.#............
..... #.....@########
#.## #......oo.)...
#..# #......######.
##.##.##
#...........#
.......#
#.......###.#
...†......#.........#
⌠...⌠..##.#......####
.......##+#.#.#.....>
..>...........#######


You could see 2 orc priests.

Vanquished Creatures
  A hound (D:4)
  3 adders
  3 dart slugs
  2 orcs (D:4)
  7 endoplasms
  A giant cockroach (D:1)
  3 hobgoblins
  6 jackals
  6 quokkas
  8 ball pythons
  6 bats
  2 frilled lizards (D:1)
  7 goblins
  9 kobolds
  3 rats
67 creatures vanquished.

Vanquished Creatures (others)
  4 fungi (D:4)
4 creatures vanquished.

Grand Total: 71 creatures vanquished

Notes
Turn   | Place    | Note
-------+----------+-------------------------------------------
     0 | D:1      | purpskrrrp the Deep Elf Hunter began the quest for the Orb.
     0 | D:1      | Reached XP level 1. HP: 12/12 MP: 3/3
    79 | D:1      | Reached XP level 2. HP: 16/16 MP: 4/4
    80 | D:1      | Reached skill level 6 in Ranged Weapons
   484 | D:1      | Reached XP level 3. HP: 20/20 MP: 5/5
   900 | D:2      | Reached skill level 7 in Ranged Weapons
  1220 | D:2      | Reached XP level 4. HP: 21/25 MP: 6/6
  1605 | D:3      | Found a transporter.
  1611 | D:3      | Found a one-way gate to the infinite horrors of the Abyss.
  1611 | D:3      | Noticed tinescath's ghost (amateur DsFi)
  1784 | D:3      | Found a transporter.
  1788 | D:3      | Noticed a small abomination
  2043 | D:3      | Found a blossoming altar of Fedhas.
  2124 | D:4      | Found a staircase to the Ecumenical Temple.
  2154 | D:4      | Reached skill level 8 in Ranged Weapons
  2447 | D:4      | Killed from afar by an orc priest

Illustrated notes

Levels and vault maps discovered:
D:1:      minmay_arrival_semitransparent, layout_loops_ring
D:2:      layout_loops_cross
D:3:      layout_loops_ring, fedhas_altar_fruit_tree,
          gammafunk_ghost_abyssal_escape
D:4:      layout_basic, mainiacjoe_overflow_boulevard,
          minmay_temple_entry_large_hall, gammafunk_ghost_smash,
          minmay_misc_feat_more_columns

Skill      XL: |  1  2  3  4 |
---------------+-------------+-----
Ranged Weapons | 6 7 8 |  8.3
Fighting       | |  1.5
Dodging        | |  2.4
Stealth        | |  1.2

Action                   |  1- 3 |  4- 6 || total
-------------------------+-------+-------++-------
 Fire: Shortbow          |   120 |    71 ||   191
  Use: Scroll            |     1 |     9 ||    10
Armor: Leather armour    |     7 |     8 ||    15
Dodge: Dodged            |    33 |    35 ||    68

Table legend: (Time is in decaauts)
 A = Elapsed time spent in this place.
 B = Non-inter-level travel time spent in this place.
 C = Inter-level travel time spent in this place.
 D = Time resting spent in this place.
 E = Time spent auto-exploring this place.
 F = Levels seen in this place.
 G = Mean time per level.
                   A        B        C        D        E       F      G
               +--------+--------+--------+--------+--------+-----+--------+
         Total |   2484 |   2337 |    147 |    305 |   1595 |   4 |  621.0 |
       Dungeon |   2484 |   2337 |    147 |    305 |   1595 |   4 |  621.0 |
               +--------+--------+--------+--------+--------+-----+--------+

Top non-repeatable levels by time:
     D:3: 850 daAuts
     D:2: 838 daAuts
     D:1: 684 daAuts
     D:4: 111 daAuts
